SL
CHICAGO GOLD SOX @ PHILADEPHIA 1776 BC
08/25/2019
 
TOP OF THE 1ST
Chicago Gold Sox batting - Pitching for Philadephia 1776 BC : RHP Felipe Velázquez
Pitching: RHP Felipe Velázquez
Batting: RHB Daniel Lallanilla 0-0: Ball
1-0: Ball
2-0: Called Strike
2-1: Called Strike
2-2: Foul Ball, location: 2F
2-2: Ground out 5-3 (Groundball, 5)
Batting: RHB Pablo Trujillo 0-0: Ball
1-0: Fly out, F4 (Popup, 4MD)
Batting: LHB Noel Ballard 0-0: Ball
1-0: Called Strike
1-1: Foul Ball, location: 2F
1-2: Foul Ball, location: 2F
1-2: Ball
2-2: Foul Ball, location: 2F
2-2: Foul Ball, location: 2F
2-2: Ball
3-2: DOUBLE (Flyball, 9M)
Batting: RHB Chris Smith 0-0: Called Strike
0-1: Ball
1-1: Ball
2-1: Swinging Strike
2-2: Foul Ball, location: 2F
2-2: Foul Ball, location: 2F
2-2: Ball
3-2: Base on Balls
Batting: LHB Herman Hayes Balk!
Noel Ballard to third
Chris Smith to second
0-0: Called Strike
0-1: Ball
1-1: SINGLE (Line Drive, 8RS)
Noel Ballard scores
Chris Smith to third
Runner from 3rd tries for Home, SAFE, no throw or cutoff
Batting: LHB Adrián Rodríguez 0-0: Called Strike
0-1: Called Strike
0-2: SINGLE (Groundball, 4MD)
Herman Hayes to second
Herman Hayes to third
Batting: RHB Rod Jones 0-0: Ball
1-0: Foul Ball, location: 2F
1-1: Called Strike
1-2: Foul Ball, location: 2F
1-2: Ball
2-2: Strikes out looking
Top of the 1st over - 2 run(s), 3 hit(s), 0 error(s), 2 left on base; Chicago 2 - Philadephia 1776 0
BOTTOM OF THE 1ST
Philadephia 1776 BC batting - Pitching for Chicago Gold Sox : RHP Héctor Alarcon
Pitching: RHP Héctor Alarcon
Batting: LHB Manuel García 0-0: Ball
1-0: Swinging Strike
1-1: TRIPLE (Flyball, 8RXD)
Batting: RHB Toshitsugu Sakamoto 0-0: Ball
1-0: Called Strike
1-1: Called Strike
1-2: Foul Ball, location: 2F
1-2: Strikes out swinging
Batting: LHB Chris Nelson 0-0: Foul Ball, location: 2F
0-1: Ball
1-1: Ground out 6-3 (Groundball, 6)
Manuel García scores
Batting: RHB Chris Lowe 0-0: Called Strike
0-1: Ball
1-1: Called Strike
1-2: Ball
2-2: Foul Ball, location: 2F
2-2: Ball
3-2: Base on Balls
Batting: RHB Brian O'Brian 0-0: Ball
Throwing error on steal attempt, E2
Chris Lowe to third
1-0: Swinging Strike
1-1: Foul Ball, location: 2F
1-2: Foul Ball, location: 2F
1-2: Strikes out swinging
Bottom of the 1st over - 1 run(s), 1 hit(s), 1 error(s), 1 left on base; Chicago 2 - Philadephia 1776 1
TOP OF THE 2ND
Chicago Gold Sox batting - Pitching for Philadephia 1776 BC : RHP Felipe Velázquez
Batting: RHB Juan Orozco 0-0: Ball
1-0: Swinging Strike
1-1: Ball
2-1: SINGLE (Line Drive, 9S)
Batting: RHB Héctor Alarcon 0-0: Ball
1-0: Sac Bunt - play at first, batter OUT! 2-4
Juan Orozco to second
Batting: RHB Daniel Lallanilla 0-0: Ball
1-0: Swinging Strike
1-1: Ground out 4-3 (Groundball, 34D)
Juan Orozco to third
Batting: RHB Pablo Trujillo 0-0: Called Strike
0-1: Called Strike
0-2: Strikes out swinging
Top of the 2nd over - 0 run(s), 1 hit(s), 0 error(s), 1 left on base; Chicago 2 - Philadephia 1776 1
BOTTOM OF THE 2ND
Philadephia 1776 BC batting - Pitching for Chicago Gold Sox : RHP Héctor Alarcon
Batting: SHB Matt Morris 0-0: Called Strike
0-1: Ball
1-1: Foul Ball, location: 2F
1-2: Foul Ball, location: 2F
1-2: Ground out 4-3 (Groundball, 4)
Batting: RHB Lúcio Montoya 0-0: Ball
1-0: Foul Ball, location: 2F
1-1: Foul Ball, location: 2F
1-2: Ball
2-2: SINGLE (Line Drive, 34D)
Batting: RHB Manny Hernández 0-0: Called Strike
0-1: Ball
1-1: Foul Ball, location: 2F
1-2: Strikes out swinging
Batting: RHB Felipe Velázquez 0-0: Foul Ball, location: 2F
0-1: Ball
1-1: Fly out, F2 (Popup, 25F)
Bottom of the 2nd over - 0 run(s), 1 hit(s), 0 error(s), 1 left on base; Chicago 2 - Philadephia 1776 1
TOP OF THE 3RD
Chicago Gold Sox batting - Pitching for Philadephia 1776 BC : RHP Felipe Velázquez
Batting: LHB Noel Ballard 0-0: Ball
1-0: Called Strike
1-1: Called Strike
1-2: Ground out U3 (Groundball, 3)
Batting: RHB Chris Smith 0-0: Ball
1-0: Called Strike
1-1: Swinging Strike
1-2: Foul Ball, location: 2F
1-2: Ball
2-2: Ground out 5-3 (Groundball, 56)
Batting: LHB Herman Hayes 0-0: Ball
1-0: Foul Ball, location: 2F
1-1: Called Strike
1-2: Foul Ball, location: 2F
1-2: Ball
2-2: Foul Ball, location: 2F
2-2: DOUBLE (Flyball, 9D)
Batting: LHB Adrián Rodríguez 0-0: Swinging Strike
0-1: Ball
1-1: Ball
2-1: SINGLE (Line Drive, 7S)
Herman Hayes to third
Runner from 3rd tries for Home, SAFE, no throw or cutoff
Pitching: LHP Jason Dudley
Batting: RHB Rod Jones 0-0: Ball
1-0: Ground out 5-3 (Groundball, 5)
Top of the 3rd over - 1 run(s), 2 hit(s), 0 error(s), 1 left on base; Chicago 3 - Philadephia 1776 1
BOTTOM OF THE 3RD
Philadephia 1776 BC batting - Pitching for Chicago Gold Sox : RHP Héctor Alarcon
Batting: LHB Manuel García 0-0: Ball
1-0: Ground out 4-3 (Groundball, 34)
Batting: RHB Toshitsugu Sakamoto 0-0: Ball
1-0: Ball
2-0: Called Strike
2-1: Ball
3-1: Foul Ball, location: 2F
3-2: Base on Balls
Batting: LHB Chris Nelson 0-0: Called Strike
0-1: SINGLE (Groundball, 56D)
Toshitsugu Sakamoto to second
Batting: RHB Chris Lowe 0-0: Ball
1-0: Ball
2-0: Called Strike
2-1: Called Strike
2-2: Foul Ball, location: 2F
2-2: Foul Ball, location: 2F
2-2: Ball
3-2: Foul Ball, location: 2F
3-2: Strikes out swinging
Batting: RHB Brian O'Brian 0-0: Ball
1-0: Ground out 5-3 (Groundball, 5S)
Bottom of the 3rd over - 0 run(s), 1 hit(s), 0 error(s), 2 left on base; Chicago 3 - Philadephia 1776 1
TOP OF THE 4TH
Chicago Gold Sox batting - Pitching for Philadephia 1776 BC : LHP Jason Dudley
Batting: RHB Juan Orozco 0-0: Swinging Strike
0-1: Foul Ball, location: 2F
0-2: Ball
1-2: Ball
2-2: Strikes out looking
Batting: RHB Héctor Alarcon 0-0: Ball
1-0: Ball
2-0: Called Strike
2-1: Ball
3-1: Foul Ball, location: 2F
3-2: Fly out, F8 (Flyball, 8RM)
Batting: RHB Daniel Lallanilla 0-0: Called Strike
0-1: Foul Ball, location: 2F
0-2: Ball
1-2: Foul Ball, location: 2F
1-2: Ball
2-2: Foul Ball, location: 2F
2-2: Ball
3-2: Foul Ball, location: 2F
3-2: Base on Balls
Batting: RHB Pablo Trujillo 0-0: Called Strike
0-1: Ball
1-1: Swinging Strike
1-2: SINGLE (Line Drive, 6D)
Daniel Lallanilla to second
Batting: LHB Noel Ballard 0-0: Ground out 4-3 (Groundball, 4)
Top of the 4th over - 0 run(s), 1 hit(s), 0 error(s), 2 left on base; Chicago 3 - Philadephia 1776 1
BOTTOM OF THE 4TH
Philadephia 1776 BC batting - Pitching for Chicago Gold Sox : RHP Héctor Alarcon
Batting: SHB Matt Morris 0-0: Swinging Strike
0-1: Ball
1-1: Ball
2-1: Ground out 1-3 (Groundball, 13)
Batting: RHB Lúcio Montoya 0-0: Called Strike
0-1: Ball
1-1: SINGLE (Flyball, 6MD)
Batting: RHB Manny Hernández 0-0: Foul Ball, location: 2F
0-1: Grounds into double play, 1-4-3 (Groundball, 13S)
Bottom of the 4th over - 0 run(s), 1 hit(s), 0 error(s), 0 left on base; Chicago 3 - Philadephia 1776 1
TOP OF THE 5TH
Chicago Gold Sox batting - Pitching for Philadephia 1776 BC : LHP Jason Dudley
Batting: RHB Chris Smith 0-0: Ball
1-0: Ball
2-0: Called Strike
2-1: Ground out 4-3 (Groundball, 4)
Batting: LHB Herman Hayes 0-0: Called Strike
0-1: Ball
1-1: Ground out 4-3 (Groundball, 4)
Pitching: LHP Francisco Carrasco
Batting: LHB Adrián Rodríguez 0-0: SINGLE (Groundball, 56D)
Batting: RHB Rod Jones 0-0: Ball
1-0: Ball
2-0: Ground out 4-3 (Groundball, 4)
Top of the 5th over - 0 run(s), 1 hit(s), 0 error(s), 1 left on base; Chicago 3 - Philadephia 1776 1
BOTTOM OF THE 5TH
Philadephia 1776 BC batting - Pitching for Chicago Gold Sox : RHP Héctor Alarcon
Batting: SHB Francisco Carrasco 0-0: Ball
1-0: Ball
2-0: Ball
3-0: Called Strike
3-1: Called Strike
3-2: Foul Ball, location: 2F
3-2: Foul Ball, location: 2F
3-2: Fly out, F7 (Flyball, 7LM)
Batting: LHB Manuel García 0-0: Swinging Strike
0-1: Called Strike
0-2: Strikes out swinging
Batting: RHB Toshitsugu Sakamoto 0-0: Called Strike
0-1: Foul Ball, location: 2F
0-2: Foul Ball, location: 2F
0-2: Foul Ball, location: 2F
0-2: Ball
1-2: Fly out, F8 (Flyball, 8LD)
Bottom of the 5th over - 0 run(s), 0 hit(s), 0 error(s), 0 left on base; Chicago 3 - Philadephia 1776 1
TOP OF THE 6TH
Chicago Gold Sox batting - Pitching for Philadephia 1776 BC : LHP Francisco Carrasco
Batting: RHB Juan Orozco 0-0: Swinging Strike
0-1: Swinging Strike
0-2: Foul Ball, location: 2F
0-2: Strikes out swinging
Batting: RHB Héctor Alarcon 0-0: Fly out, F8 (Flyball, 8RM)
Batting: RHB Daniel Lallanilla 0-0: Fly out, F8 (Flyball, 8RD)
Top of the 6th over - 0 run(s), 0 hit(s), 0 error(s), 0 left on base; Chicago 3 - Philadephia 1776 1
BOTTOM OF THE 6TH
Philadephia 1776 BC batting - Pitching for Chicago Gold Sox : RHP Héctor Alarcon
Batting: LHB Chris Nelson 0-0: Ball
1-0: Called Strike
1-1: Swinging Strike
1-2: Ball
2-2: Fly out, F7 (Flyball, 7D)
Batting: RHB Chris Lowe 0-0: Ground out 6-3 (Groundball, 6)
Batting: RHB Brian O'Brian 0-0: Foul Ball, location: 2F
0-1: Ground out 1-3 (Groundball, 25)
Bottom of the 6th over - 0 run(s), 0 hit(s), 0 error(s), 0 left on base; Chicago 3 - Philadephia 1776 1
TOP OF THE 7TH
Chicago Gold Sox batting - Pitching for Philadephia 1776 BC : LHP Francisco Carrasco
Batting: RHB Pablo Trujillo 0-0: Called Strike
0-1: Foul Ball, location: 2F
0-2: Ball
1-2: Strikes out swinging
Batting: LHB Noel Ballard 0-0: Called Strike
0-1: Ball
1-1: Foul Ball, location: 2F
1-2: Ball
2-2: SINGLE (Groundball, 34D)
Batting: RHB Chris Smith 0-0: Fly out, F3 (Popup, 3DF)
Batting: LHB Herman Hayes 0-0: Ball
1-0: Called Strike
1-1: Ball
2-1: Ball
3-1: Foul Ball, location: 2F
3-2: Base on Balls
Noel Ballard to second
Pinch Hitting: RHB Tyrone Scott 0-0: Foul Ball, location: 2F
0-1: Ball
1-1: Ball
2-1: Foul Ball, location: 2F
2-2: Foul Ball, location: 2F
2-2: Foul Ball, location: 2F
2-2: Foul Ball, location: 2F
2-2: Ground out 4-3 (Groundball, 4)
Top of the 7th over - 0 run(s), 1 hit(s), 0 error(s), 2 left on base; Chicago 3 - Philadephia 1776 1
BOTTOM OF THE 7TH
Philadephia 1776 BC batting - Pitching for Chicago Gold Sox : RHP Héctor Alarcon
Now in LF: John Farrell
Batting: SHB Matt Morris 0-0: Called Strike
0-1: Ball
1-1: Ground out 4-3 (Groundball, 4)
Batting: RHB Lúcio Montoya 0-0: Foul Ball, location: 2F
0-1: Foul Ball, location: 2F
0-2: Ball
1-2: Ball
2-2: Ball
3-2: Fly out, F3 (Popup, 34S)
Batting: RHB Manny Hernández 0-0: Called Strike
0-1: Ball
1-1: Ground out 5-3 (Groundball, 5S)
Bottom of the 7th over - 0 run(s), 0 hit(s), 0 error(s), 0 left on base; Chicago 3 - Philadephia 1776 1
TOP OF THE 8TH
Chicago Gold Sox batting - Pitching for Philadephia 1776 BC : LHP Francisco Carrasco
Pitching: LHP Michael Campbell
Batting: RHB Rod Jones 0-0: Ball
1-0: Fly out, F8 (Flyball, 8LXD)
Batting: RHB Juan Orozco 0-0: Called Strike
0-1: Swinging Strike
0-2: Strikes out swinging
Pinch Hitting: RHB Alfredo López 0-0: Ball
1-0: Called Strike
1-1: SINGLE (Line Drive, 9S)
Batting: RHB Daniel Lallanilla 0-0: Called Strike
0-1: Called Strike
0-2: Ground out 1-3 (Groundball, 15)
Top of the 8th over - 0 run(s), 1 hit(s), 0 error(s), 1 left on base; Chicago 3 - Philadephia 1776 1
BOTTOM OF THE 8TH
Philadephia 1776 BC batting - Pitching for Chicago Gold Sox : RHP Héctor Alarcon
Pitching: LHP Walt Johnston
Pinch Hitting: RHB Yuji Ine 0-0: Called Strike
0-1: Ball
1-1: Foul Ball, location: 2F
1-2: Ball
2-2: Foul Ball, location: 2F
2-2: Ground out 5-3 (Groundball, 56)
Batting: LHB Manuel García 0-0: Ball
1-0: Ball
2-0: SINGLE (Flyball, 7S)
Pitching: RHP Lorenzo Marín
Batting: RHB Toshitsugu Sakamoto 0-0: Ball
1-0: Called Strike
1-1: Foul Ball, location: 2F
1-2: SINGLE (Line Drive, 56D)
Manuel García to second
Pitching: LHP Billy Black
Batting: LHB Chris Nelson 0-0: Ball
1-0: Ball
2-0: Grounds into double play, U6-3 (Groundball, 6M)
Bottom of the 8th over - 0 run(s), 2 hit(s), 0 error(s), 1 left on base; Chicago 3 - Philadephia 1776 1
TOP OF THE 9TH
Chicago Gold Sox batting - Pitching for Philadephia 1776 BC : LHP Michael Campbell
Pitching: RHP Ray Gordon
Batting: RHB Pablo Trujillo 0-0: Called Strike
0-1: Fly out, F8 (Flyball, 8RS)
Batting: LHB Noel Ballard 0-0: Ball
1-0: Ball
2-0: Ball
3-0: Base on Balls
Batting: RHB Chris Smith 0-0: Called Strike
0-1: Ball
1-1: Ball
2-1: Foul Ball, location: 2F
2-2: Ball
Noel Ballard steals 2nd base
3-2: Base on Balls
Pitching: LHP Jeffrey Little
Batting: LHB Herman Hayes 0-0: SINGLE (Groundball, 34)
Noel Ballard to third
Chris Smith to second
Runner from 3rd tries for Home, SAFE, no throw or cutoff
Pitching: RHP Alberto Ortíz
Batting: RHB John Farrell 0-0: Swinging Strike
0-1: Ball
1-1: Ball
2-1: Swinging Strike
2-2: Foul Ball, location: 2F
2-2: Ball
3-2: Fielders Choice at 2nd, 5-4 (Groundball, 5)
Chris Smith to third
Batting: RHB Rod Jones 0-0: Called Strike
0-1: Ball
1-1: Ball
2-1: Fly out, F8 (Flyball, 8RS)
Top of the 9th over - 1 run(s), 1 hit(s), 0 error(s), 2 left on base; Chicago 4 - Philadephia 1776 1
BOTTOM OF THE 9TH
Philadephia 1776 BC batting - Pitching for Chicago Gold Sox : LHP Billy Black
Pitching: RHP John Hicks
Batting: RHB Chris Lowe 0-0: Called Strike
0-1: Ball
1-1: Ball
2-1: Fly out, F7 (Flyball, 7LM)
Batting: RHB Brian O'Brian 0-0: Ball
1-0: Ball
2-0: Fly out, F3 (Popup, 3F)
Batting: SHB Matt Morris 0-0: Called Strike
0-1: SINGLE (Line Drive, 6M)
Batting: RHB Lúcio Montoya 0-0: Ball
1-0: Ball
2-0: Called Strike
2-1: Ground out 5-3 (Groundball, 5S)
Bottom of the 9th over - 0 run(s), 1 hit(s), 0 error(s), 1 left on base; Chicago 4 - Philadephia 1776 1
This league is powered by Out of the Park Baseball, the baseball management simulation game for PC, Mac and Linux
Saturday, July 25th, 2015 - OOTP Baseball 15.6 Build 34